[Event "Early-Titled-Tuesday-Blitz-March-19-2024"]
[Site "Chess.com"]
[Date "2024.03.19"]
[Round "10"]
[White "Anton_Demchenko"]
[Black "Nitzan_Steinberg"]
[Result "1-0"]
[WhiteElo "3024"]
[BlackElo "2880"]
[TimeControl "180+1"]
[EndTime "9:56:10 PDT"]
[Termination "Anton_Demchenko won on time"]

1. e4 c5 2. Nf3 d6 3. d4 cxd4 4.
Qxd4 Nf6 5. Bg5 Nc6 6. Bb5 Bd7 7. Qd3 e6 8. Nc3 Be7 9. O-O-O O-O 10. e5 Nb4 11. Qd4 Nfd5 12. Bxe7 Qxe7 13. Bxd7 Qxd7 14. Nxd5 Nxd5 15. c4 dxe5 16. Nxe5 Qc7 17. Kb1 Rfd8 18. f4 Nb6 19. Qe4 Rac8 20. b3 a5 21. Rd4 Rxd4 22.
Qxd4 Rd8 23. Qc3 Nd5 24. Qf3 Nb4 25. a3 Nc6 26. Rd1 g6 27. Rxd8+ Qxd8 28. Nxc6 bxc6 29. Kc2 Qd6 30. a4 Qc5 31. g3 h5 32. Qe2 Qd4 33.
Qe1 Qc5 34. Qd2 Kg7 35. Qc3+ f6 36. Qd2 e5 37. Kb2 e4 38. Qd7+ Kf8 39. Qd8+ Kf7 40. Qd7+ Qe7 41. Qxc6 e3 42. Qd5+ Kg7 43. Qd1 e2 44. Qe1 Qe3 45. Kc2 h4 46. gxh4 Kh6 47. c5 Qxc5+ 48. Kd3 Qd5+ 49. Kxe2 Qe4+ 50. Kd2 Qxf4+ 51.
Qe3 1-0

[Event "Early-Titled-Tuesday-Blitz-March-19-2024"]
[Site "Chess.com"]
[Date "2024.03.19"]
[Round "10"]
[White "AlanZhang"]
[Black "ploxoi"]
[Result "0-1"]
[WhiteElo "2243"]
[BlackElo "2442"]
[TimeControl "180+1"]
[EndTime "9:56:12 PDT"]
[Termination "ploxoi won on time"]

1. e4 e6 2. d4 d5 3. Nc3 Bb4 4. e5 Ne7 5. a3 Bxc3+ 6. bxc3 c5 7. Nf3 h6 8. a4 b6 9. h4 Ba6 10. Bd3 Qc7 11. Qd2 Qb7 12. h5 Nd7 13. O-O Nc6 14.
Ba3 Rc8 15. Qe3 Na5 16. Nd2 cxd4 17. cxd4 Nc4 18. Nxc4 Bxc4 19. Qg3 g6 20. hxg6 Rg8 21. gxf7+ Kxf7 22. Qf3+ Ke8 23. Qh5+ Kd8 24. Qf7 Re8 25. Bd6 Bxd3 26. cxd3 Qc6 27. Rac1 Qxc1 28. Rxc1 Rxc1+ 29. Kh2 Rc2 30. f4 h5 31. f5 Rc8 32. fxe6 Nb8 33. e7+ Kd7 34. Qf5+ Kc6 35. Qe6 Kb7 36. Bxb8 Kxb8 37.
Qd6+ Rc7 38. Qd8+ Rc8 39. Qxd5 Rxe7 40. e6 Rce8 41. Qd6+ Kb7 42. d5 a5 43. Qc6+ Ka7 44. d4 Rd8 45. d6 Rxe6 46. Qb7+ Kxb7 47. Kg3 Rexd6 48. Kh4 Rxd4+ 49. Kxh5 Rxa4 50. Kg5 Rg8+ 51. Kf5 Rxg2 52. Ke5 Rb2 53. Ke6 Rab4 54. Kf6 a4 55.
Kg6 a3 56. Kg5 Rc2 57. Kf5 Rb1 58. Kf4 Rd1 59. Kg4 Rcd2 0-1

[Event "Early-Titled-Tuesday-Blitz-March-19-2024"]
[Site "Chess.com"]
[Date "2024.03.19"]
[Round "10"]
[White "martinbitel"]
[Black "GreenPeach24"]
[Result "1-0"]
[WhiteElo "2428"]
[BlackElo "2548"]
[TimeControl "180+1"]
[EndTime "9:56:13 PDT"]
[Termination "martinbitel won by checkmate"]

1. Nf3 Nf6 2. b3 g6 3. Bb2 Bg7 4. e3 O-O 5. d4 d6 6. Be2 e5 7.
dxe5 Ng4 8. c4 Nc6 9. O-O Ngxe5 10. Nxe5 Nxe5 11. Nc3 Qh4 12. Qd2 Bg4 13. Bxg4 Qxg4 14. f4 Nc6 15. Nd5 Qd7 16. Bxg7 Kxg7 17. f5 f6 18. e4 Ne5 19. Nf4 Rae8 20. Ne6+ Rxe6 21. fxe6 Qxe6 22. Qd5 Qc8 23. c5 Rd8 24. Rad1 c6 25.
Qd4 d5 26. exd5 Rxd5 27. Qh4 g5 28. Qf2 Ng4 29. Qg3 Re5 30. Rfe1 Qe6 31. h3 Ne3 32.
Rd6 Qe7 33. Qf2 f5 34. b4 f4 35. Qf3 Re6 36. Rxe6 Qxe6 37. Re2 h6 38. Rd2 Kg6 39. Rd6 Kf5 40. Rxe6 Kxe6 41. Qe4+ Kf6 42. Qh7 Ke5 43. Qxb7 Kd4 44. Qxc6 Nd5 45. Qd6 Kc4 46. c6 Nxb4 47.
Qxb4+ Kxb4 48. c7 Kc3 49. c8=Q+ Kb2 50. Qa6 Ka1 51. Qxa7 h5 52. Qc5 g4 53. hxg4 f3 54. gxf3 h4 55. a4 h3 56. a5 h2+ 57. Kxh2 Ka2 58.
a6 Ka1 59. a7 Ka2 60. a8=Q+ Kb2 61. Qb7+ Ka1 62. Qca7# 1-0

[Event "Early-Titled-Tuesday-Blitz-March-19-2024"]
[Site "Chess.com"]
[Date "2024.03.19"]
[Round "10"]
[White "newauto"]
[Black "visa"]
[Result "1-0"]
[WhiteElo "2148"]
[BlackElo "2285"]
[TimeControl "180+1"]
[EndTime "9:56:13 PDT"]
[Termination "newauto won by resignation"]

1. d4 d5 2. Nf3 Nf6 3. Bg5 Ne4 4. Bh4 c5 5. e3 Qb6 6. Nbd2 Qxb2 7. Nxe4 dxe4 8. Rb1 Qc3+ 9. Nd2 cxd4 10. Rb3 Qa5 11. exd4 Nc6 12. c3 Be6 13. Bc4 Bxc4 14. Nxc4 Qd5 15. Qe2 e6 16. Rxb7 Nxd4 17. cxd4 Qxb7 18. O-O Be7 19. Bxe7 Kxe7 20. Qg4 g6 21. Qf4 Rhd8 22. Qh4+ Kf8 23. Qxh7 Rac8 24. Qh8+ Ke7 25. Qh4+ Kd7 26. Ne5+ Kc7 27. Nxf7 Rxd4 28. Qg3+ Kd7 29. Ne5+ Ke7 30. Qg5+ Kd6 31. Nxg6 Qd5 32. Qe7+ Kc6 33. Rc1+ Rc4 34. Ne5+ Kb6 35. Nxc4+ Rxc4 36. Rb1+ Kc6 37. Qe8+ Kd6 38. Qd8+ Ke5 39. Qg5+ Kd4 40. Qg7+ Kc5 41. Qg4 Qd3 42.
Re1 Rc2 43. Qg5+ Kd4 44. h3 Kc3 45. Kh2 Rd2 46. Rc1+ Kb2 47. Qc5 Rc2 48. Qxc2+ Qxc2 49. Rxc2+ Kxc2 50. h4 Kd2 51. h5 Ke2 52. h6 Kxf2 53. h7 e3 54. h8=Q e2 55. Qf6+ Ke3 56. Qxe6+ Kd2 57. Qd6+ Kc1 58. Qe5 Kd1 59. Qd4+ Kc1 60.
Qe3+ Kd1 61. Qd3+ Ke1 62. g4 Kf2 63. Qxe2+ Kxe2 64. g5 Kd2 65. g6 Kc2 66. g7 a5 67.
g8=Q a4 68. Qa8 1-0

[Event "Early-Titled-Tuesday-Blitz-March-19-2024"]
[Site "Chess.com"]
[Date "2024.03.19"]
[Round "10"]
[White "kpio91"]
[Black "bulletteemo"]
[Result "0-1"]
[WhiteElo "2829"]
[BlackElo "2633"]
[TimeControl "180+1"]
[EndTime "9:56:16 PDT"]
[Termination "bulletteemo won by resignation"]

1. g3 c5 2. Bg2 Nc6 3. Nf3 Nf6 4. c4 d5 5. cxd5 Nxd5 6. Nc3 Nc7 7.
a3 e5 8. b4 f6 9. Rb1 cxb4 10.
axb4 Be7 11. b5 Nd4 12. Nxd4 Qxd4 13. O-O O-O 14. Bb2 Qd6 15. d3 Kh8 16. Kh1 Rb8 17.
f4 exf4 18. gxf4 Bg4 19. f5 Qd7 20. Be4 Bd6 21. Qe1 Be5 22. Qh4 Bxc3 23. Qxg4 Bxb2 24. Rxb2 Nxb5 25. Rf3 Nd6 26. Bd5 Rbc8 27. Rb1 Rc2 28. Qh5 Nf7 29. Be6 Qe7 30. Rh3 Ng5 31. Rh4 g6 32.
Qxg6 Qg7 33. Qxg7+ Kxg7 34. Rxb7+ Kh8 35. e4 Rd2 36.
Rg4 Rxd3 37. h4 Nf3 38. Kg2 Ne5 39. Rg6 hxg6 40. fxg6 Nxg6 41. Kf2 Nxh4 42. Ke2 Rg3 43. Bd5 Rg7 44. Rb1 Rh7 45. Rg1 f5 46. e5 f4 47. Kd3 Nf5 48. Ke4 Ng3+ 49. Kf3 Nf5 50.
e6 Nd4+ 51. Ke4 Ne2 52. Re1 Nc3+ 53. Kd4 Nxd5 54. Kxd5 f3 55. e7 Rxe7 56. Rh1+ Rh7 57. Rg1 f2 58. Rf1 Rg7 59. Ke4 Kg8 60. Ke3 Rg1 61. Ke2 Rxf1 0-1

[Event "Early-Titled-Tuesday-Blitz-March-19-2024"]
[Site "Chess.com"]
[Date "2024.03.19"]
[Round "10"]
[White "Witik"]
[Black "DvaHrasta"]
[Result "1-0"]
[WhiteElo "2755"]
[BlackElo "2504"]
[TimeControl "180+1"]
[EndTime "9:56:16 PDT"]
[Termination "Witik won on time"]

1. e4 c6 2. d4 d5 3. exd5 cxd5 4. Bd3 Nc6 5. c3 e5 6. dxe5 Nxe5 7. Qe2 Qe7 8. Bb5+ Bd7 9. Bxd7+ Kxd7 10. Be3 Nc4 11. Nf3 Nxe3 12. fxe3 Re8 13. Qb5+ Kc7 14. O-O Nf6 15.
Nbd2 Qxe3+ 16. Kh1 Qb6 17. Qa4 Bd6 18. Nd4 a6 19. b4 Re5 20. N2f3 Re4 21. b5 a5 22. Qb3 Rhe8 23. Rad1 Qc5 24. b6+ Qxb6 25. Nb5+ Kb8 26.
Rb1 R8e7 27. Nfd4 Ng4 28. Qxd5 Bxh2 29. Rxf7 Re1+ 30. Rf1 Rxb1 31. Rxb1 Nf6 32. Qf3 Be5 33. Na3 Qc5 34. Nc6+ Kc8 35. Nxe7+ Qxe7 36. Nc4 Bb8 37. Nb6+ Kc7 38. Qxb7+ Kxb7 39. Nd5+ Ka6 40. Nxe7 Be5 41.
c4 Ng4 42. Nc6 Bd6 43. Rb5 g6 44. Nxa5 h5 45. Nb3 Nf2+ 46. Kg1 Ne4 47. Rd5 Bf4 48. Kf1 Ng3+ 49. Kf2 h4 50. Kf3 Bb8 51. Rb5 Ba7 52. Nc5+ Bxc5 53. Rxc5 Kb6 54. Rg5 Nf5 55. Rxg6+ Kb7 56. Rg5 Nd4+ 57. Kg4 1-0

[Event "Early-Titled-Tuesday-Blitz-March-19-2024"]
[Site "Chess.com"]
[Date "2024.03.19"]
[Round "10"]
[White "Seochesspie"]
[Black "Hope_6"]
[Result "1-0"]
[WhiteElo "2881"]
[BlackElo "2711"]
[TimeControl "180+1"]
[EndTime "9:56:17 PDT"]
[Termination "Seochesspie won on time"]

1. e4 c6 2. d4 d5 3. Nd2 dxe4 4. Nxe4 Nf6 5. Nxf6+ exf6 6. Be3 Bd6 7. Bd3 Be6 8.
Ne2 Nd7 9. O-O O-O 10. c4 Re8 11. Qc2 Nf8 12. Rad1 Rc8 13. Nc3 Ng6 14. Ne4 Bb8 15.
Nc5 Qc7 16. g3 Rcd8 17. Nxe6 Rxe6 18. Rfe1 Rde8 19. Bd2 Rxe1+ 20. Rxe1 Rxe1+ 21. Bxe1 Nf8 22. Bc3 h5 23. h4 Qd7 24. Qe2 g6 25. Qf3 f5 26. d5 cxd5 27. cxd5 Qe7 28. Bc4 Bd6 29. Qd3 Nd7 30. Qd4 Be5 31. Qxa7 Bxc3 32. bxc3 Nc5 33.
Bf1 Ne4 34. Qd4 Qd6 35. c4 b6 36.
Bd3 Qc5 37. Qxc5 Nxc5 38. Bc2 Kf8 39. Kf1 Ke7 40. Ke2 Kd6 41. Ke3 Nd7 42. Kd4 Ne5 43. Bd1 Nd7 44. Ba4 Ne5 45. Be8 f6 46. f4 Nf3+ 47.
Kc3 g5 48. Bxh5 Ng1 49. hxg5 fxg5 50. fxg5 Nh3 51. g6 1-0

[Event "Early-Titled-Tuesday-Blitz-March-19-2024"]
[Site "Chess.com"]
[Date "2024.03.19"]
[Round "10"]
[White "maurovargas01"]
[Black "Janh4"]
[Result "0-1"]
[WhiteElo "1820"]
[BlackElo "2165"]
[TimeControl "180+1"]
[EndTime "9:56:18 PDT"]
[Termination "Janh4 won on time"]

1. e4 c6 2. Nc3 d5 3. exd5 cxd5 4. d4 Nc6 5. Bb5 Nf6 6. Nf3 Bg4 7. O-O e6 8. Re1 Be7 9. Be3 O-O 10. a3 Rc8 11. Bd3 a6 12. h3 Bh5 13. g4 Bg6 14. Ne5 Nd7 15. Nxg6 hxg6 16. f4 Qc7 17. f5 Qg3+ 18.
Kf1 Qxh3+ 19. Kg1 Bd6 20. Qe2 exf5 21. gxf5 Rfe8 22. Nd1 gxf5 23. Qf2 Bg3 24. Qxf5 Qxf5 25. Bxf5 Bxe1 26. Bxd7 Rcd8 27. Bxe8 Rxe8 28. Kf1 Bh4 29. Kg2 Bf6 30. c3 Na5 31. Bf4 g5 32. Bg3 Nc4 33. Kf2 Nd2 34. Ne3 Ne4+ 35. Kf3 Nxg3 36. Kxg3 Rxe3+ 37.
Kf2 Re4 38. Rf1 Rf4+ 39. Ke2 Rxf1 40. Kxf1 Be7 41. Kg2 f5 42. Kf3 Kg7 43. b3 Bxa3 44. c4 dxc4 45. bxc4 Kf6 46. d5 Bd6 47. Ke3 g4 48.
Kd4 g3 49. c5 Bxc5+ 50. Kxc5 g2 51. Kd6 g1=Q 52. Kd7 Qc5 53. d6 f4 0-1

[Event "Early-Titled-Tuesday-Blitz-March-19-2024"]
[Site "Chess.com"]
[Date "2024.03.19"]
[Round "10"]
[White "LileKoridze"]
[Black "Lion-Al-Messi"]
[Result "1-0"]
[WhiteElo "2444"]
[BlackElo "2585"]
[TimeControl "180+1"]
[EndTime "9:56:19 PDT"]
[Termination "LileKoridze won on time"]

1. d4 Nf6 2. c4 b6 3. Nf3 Bb7 4.
g3 e6 5. Bg2 Be7 6. O-O O-O 7.
Nc3 Ne4 8. Qc2 Nxc3 9. Qxc3 Bf6 10. Rd1 c5 11. Be3 Nc6 12. Qd2 Nxd4 13. Nxd4 Bxg2 14. Kxg2 cxd4 15. Bxd4 Rc8 16. b3 Bg5 17. e3 d5 18.
Qb2 Bh6 19. e4 Qe7 20. cxd5 exd5 21. exd5 Qe4+ 22. Kg1 Rc2 23. Qa3 Rd8 24. Qxa7 Bg5 25. Qxb6 h5 26. Be3 Bf6 27. d6 h4 28. Qb5 h3 29.
Qf1 Bxa1 30. Rxa1 Qe6 31. Bf4 f6 32. Re1 Qf5 33. Re2 Rxe2 34. Qxe2 Qb1+ 35. Qf1 Qxa2 36. Qxh3 Qxb3 37. Qf5 Qf7 38. h4 g6 39. Qa5 Rd7 40. Qa8+ Kg7 41. Qa1 Qd5 42. Qe1 Kf7 43. Qb1 Qe6 44.
Qb8 Qe1+ 45. Kg2 Qe4+ 46. Kh2 Kg7 47. Qc8 Qf5 48. Qe8 g5 49. Qh5 Qg6 50. Qg4 Qf7 51. hxg5 f5 52. Qh4 Qg6 53. Be5+ Kf7 54. Qc4+ Kf8 55. Bf6 Qh5+ 56. Kg2 Qe8 57. Be7+ Rxe7 58.
dxe7+ Qxe7 59. Qf4 Qb7+ 60. Kh2 Qd5 61. g4 Qd1 62.
Qxf5+ Kg8 63. g6 Kg7 64. Qf7+ Kh6 65. Qh7+ Kg5 66. Qh5+ Kf6 67. g5+ Kg7 68. Qxd1 1-0

[Event "Early-Titled-Tuesday-Blitz-March-19-2024"]
[Site "Chess.com"]
[Date "2024.03.19"]
[Round "10"]
[White "enriquebutti"]
[Black "bazar-wokzal"]
[Result "0-1"]
[WhiteElo "2213"]
[BlackElo "2571"]
[TimeControl "180+1"]
[EndTime "9:56:21 PDT"]
[Termination "bazar-wokzal won on time"]

1. d4 Nf6 2. Nf3 e6 3. e3 c5 4.
Bd3 b6 5. O-O Bb7 6. b3 Be7 7.
Bb2 d6 8. c4 Nbd7 9. Nc3 a6 10. Qe2 Qc7 11. Rad1 g5 12. d5 exd5 13. Nxd5 Bxd5 14. cxd5 Rg8 15. Bxa6 g4 16. Nh4 Nxd5 17.
Nf5 Nb4 18. Bc4 Rxa2 19. Ra1 Ra5 20. Rxa5 bxa5 21. Bxf7+ Kxf7 22. Nh6+ Kf8 23. Nxg8 Kxg8 24. Qxg4+ Kf7 25. Qh5+ Kf8 26. Qxh7 Ke8 27. Qg8+ Nf8 28. Bg7 Qd7 29. Ra1 Nc6 30. Bxf8 Bxf8 31. Qd5 Kd8 32.
f4 Kc7 33. f5 Bg7 34. Rf1 Be5 35. f6 Qh7 36. g3 Nb4 37. Qe6 Qe4 38. f7 Qxe3+ 39. Rf2 Qe1+ 40. Kg2 Qe4+ 41. Kh3 Qh7+ 42. Kg4 Qe4+ 43. Rf4 Qe2+ 44. Kh3 Qh5+ 45. Rh4 Qd1 46. Qe7+ Kc6 47. Qe8+ Kd5 48. Rd4+ cxd4 49. f8=Q d3 50. Qff7+ Kd4 51. Qc4+ Ke3 52. Qg6 Qf1+ 0-1

[Event "Early-Titled-Tuesday-Blitz-March-19-2024"]
[Site "Chess.com"]
[Date "2024.03.19"]
[Round "10"]
[White "RedFirePanda"]
[Black "diamonds13"]
[Result "1-0"]
[WhiteElo "2542"]
[BlackElo "2346"]
[TimeControl "180+1"]
[EndTime "9:56:22 PDT"]
[Termination "RedFirePanda won by resignation"]

1. d4 Nf6 2. Bf4 c5 3. c3 g6 4.
e3 Bg7 5. Nd2 cxd4 6. exd4 O-O 7. Ngf3 d6 8. h3 a6 9. Be2 b5 10. O-O Bb7 11. Re1 Nc6 12. Bf1 Re8 13. a4 b4 14. Qb3 Na5 15. Qc2 Rc8 16. Bg3 bxc3 17. bxc3 Nd5 18. c4 Nb4 19. Qb2 Bxf3 20. Nxf3 Nbc6 21.
Rac1 Rb8 22. Qc3 Nb3 23. Rcd1 Qb6 24. c5 dxc5 25. Bxb8 cxd4 26. Qd3 Rxb8 27. Qxa6 Qxa6 28. Bxa6 e5 29. Bb5 Nba5 30. Rc1 Rb6 31. Rc5 f6 32.
Rec1 Ne7 33. Rc7 Bf8 34. Ra7 Nb3 35. Rcc7 e4 36. Ne1 Rd6 37. Rd7 Rxd7 38. Rxd7 Kg7 39. Rd8 Nf5 40. g4 Nh4 41. Bc4 Na5 42. Rxd4 Bc5 43.
Rxe4 f5 44. gxf5 gxf5 45. Rxh4 Kf6 46. Bb5 Ke5 47. Rxh7 Nb3 48. Nd3+ Kd4 49. Nxc5 Kxc5 50. Kg2 Nd4 51. Rf7 Kb6 52. h4 Ka5 53. h5 Ne6 54. Rxf5 Nd4 55. Rg5 Ne6 56. Rg6 Nf4+ 57. Kg3 Nxg6 58.
hxg6 Kb6 59. g7 Ka5 60. g8=Q Kb6 61. Qc4 Ka5 62. Qc6 Kb4 63. Qb6 Ka3 64. a5 Kb4 65. a6 Kc3 66. a7 1-0

[Event "Early-Titled-Tuesday-Blitz-March-19-2024"]
[Site "Chess.com"]
[Date "2024.03.19"]
[Round "10"]
[White "djokovic74"]
[Black "JonasEilenberg"]
[Result "1-0"]
[WhiteElo "2729"]
[BlackElo "2564"]
[TimeControl "180+1"]
[EndTime "9:56:26 PDT"]
[Termination "djokovic74 won by resignation"]

1. c4 e6 2. Nf3 d5 3. g3 dxc4 4. Bg2 Nf6 5. O-O Nbd7 6. Qa4 a6 7. Qxc4 b5 8. Qc2 Bb7 9. d3 c5 10. Nc3 Be7 11. b3 O-O 12. Bb2 Rc8 13. Rfd1 Qb6 14. Rac1 Rfd8 15. h3 Nb8 16. e3 Nc6 17. a3 Rd7 18.
Ne2 Rcd8 19. Nf4 h6 20. d4 cxd4 21. Nxd4 Na5 22. Bxb7 Nxb7 23. Nd3 Bd6 24. Nc6 Re8 25.
Bd4 Qc7 26. Nce5 Qxc2 27. Rxc2 Rc7 28. Rxc7 Bxc7 29. Rc1 Bd6 30. Rc6 Bxa3 31. Rxa6 Bf8 32. Ra7 Nd6 33. Nc5 Re7 34. Ra8 Re8 35. Ra7 Re7 36. Ra6 Nf5 37. Nc6 Rc7 38. Be5 Rc8 39. Bxf6 gxf6 40. Ne4 Kg7 41. Rb6 b4 42. Kg2 Ra8 43.
Nxb4 Ra3 44. Nc6 Ra2 45. Kf3 Rb2 46. Rb7 Nd6 47. Nxd6 Bxd6 48. Nd8 Kg6 49. Nxf7 Bf8 50. Nd8 Bb4 51. Rxb4 Kg7 52. Nxe6+ Kf7 53. Nf4 Rc2 54. Rb7+ Ke8 1-0

[Event "Early-Titled-Tuesday-Blitz-March-19-2024"]
[Site "Chess.com"]
[Date "2024.03.19"]
[Round "10"]
[White "FMVolodymyrSakun"]
[Black "Eagle_2019"]
[Result "0-1"]
[WhiteElo "2644"]
[BlackElo "2859"]
[TimeControl "180+1"]
[EndTime "9:56:30 PDT"]
[Termination "Eagle_2019 won by resignation"]

1. d4 d5 2. Nf3 e6 3. e3 f5 4. c4 Nf6 5. Nbd2 c6 6. Be2 Bd6 7. b3 O-O 8. Bb2 Ne4 9. O-O Nd7 10. Nxe4 fxe4 11. Ne5 Qg5 12. f4 exf3 13. Nxf3 Qxe3+ 14.
Kh1 Nf6 15. Bc1 Qe4 16. Bd3 Qg4 17. Qe2 Ne4 18. Re1 Nf6 19. Be3 Qh5 20. Ne5 Qxe2 21.
Rxe2 a5 22. Rf1 a4 23. Ref2 axb3 24. axb3 Ra3 25. Bc2 c5 26. Bc1 Ra2 27. Nf3 Ne4 28.
Bxe4 dxe4 29. Rxa2 exf3 30. Rxf3 Rd8 31. Be3 cxd4 32.
Bf2 e5 33. h3 e4 34. Rg3 e3 35. Rxe3 dxe3 36. Bxe3 Re8 37. Bf2 Rf8 38. g3 Bd7 39. Kh2 Bc6 40. c5 Bc7 41. b4 Rd8 42. Rb2 Rd1 43.
Bg1 Bxg3+ 44. Kxg3 Rxg1+ 45. Kf4 Rh1 46. b5 Bd5 47. Rd2 Be6 48. Rd8+ Kf7 49. Rb8 Bd5 50.
Rd8 Bg2 51. Ke5 Bxh3 52. Rb8 Bg2 53. Rc8 Rb1 54. Rc7+ Kg6 55. b6 Bc6 56. Rxc6+ bxc6 57. Kd6 h5 58. Kxc6 h4 59. b7 h3 60. Kc7 h2 61. c6 h1=Q 62. Kd7 Qd5+ 63. Kc7 Qe5+ 0-1

[Event "Early-Titled-Tuesday-Blitz-March-19-2024"]
[Site "Chess.com"]
[Date "2024.03.19"]
[Round "10"]
[White "ActorXu"]
[Black "viktorskliarov"]
[Result "1-0"]
[WhiteElo "2838"]
[BlackElo "2613"]
[TimeControl "180+1"]
[EndTime "9:56:30 PDT"]
[Termination "ActorXu won by resignation"]

1. e4 c5 2. Nf3 Nc6 3. Bb5 e6 4. O-O Nge7 5. d4 cxd4 6. Nxd4 Qb6 7. Bxc6 dxc6 8. Nc3 e5 9. Nf3 Ng6 10. a3 Be7 11.
Nd2 O-O 12. Nc4 Qc7 13. Be3 Be6 14. Nd2 Rad8 15. Ne2 Rd7 16. c3 Rfd8 17. Qc2 h6 18. Rfd1 Bg5 19. Nf1 Rxd1 20. Rxd1 Rxd1 21. Qxd1 Bxe3 22.
Nxe3 Qd7 23. Qxd7 Bxd7 24. f3 f6 25. Kf2 Kf7 26. Nc4 b6 27. Ke3 Ke7 28. b4 Be6 29.
Nd2 Kd6 30. c4 b5 31. c5+ Ke7 32. g3 Nf8 33. f4 Nd7 34. Nf3 Bc4 35. Nc3 g5 36. h4 g4 37. Nd2 Bf7 38. Kf2 h5 39. Nf1 Be6 40. Ne3 Nf8 41. Ne2 Nd7 42. Ke1 Kf8 43.
Kd2 Ke7 44. Kc3 Kf8 45. Nc1 Ke7 46. Nd3 Kf8 47. Kb2 Ke7 48. a4 a6 49. axb5 axb5 50.
Kc3 Kf8 51. Ng2 Ke7 52. Nc1 Kf8 53. Nb3 Bxb3 54. Kxb3 Ke7 55. Kc3 Ke6 56. Kd3 Nf8 57. Ke3 Ke7 58. Ne1 Ne6 59. Nd3 exf4+ 60. gxf4 Nf8 61. Kf2 Ke6 62. Nc1 f5 63. exf5+ Kxf5 64. Ne2 Ne6 65. Ke3 Kg6 66. Ke4 Ng7 67. Ng3 Kf6 68.
f5 Ke7 69. Ke5 Kf7 70. f6 Ne8 71. Nxh5 Nxf6 72. Nxf6 g3 73. Ne4 g2 74. Ng5+ Kg6 75.
Nf3 Kh5 76. Kf5 g1=Q 77. Nxg1 Kxh4 78. Ke5 1-0

[Event "Early-Titled-Tuesday-Blitz-March-19-2024"]
[Site "Chess.com"]
[Date "2024.03.19"]
[Round "10"]
[White "Statham_01"]
[Black "Mandaloriana19"]
[Result "1-0"]
[WhiteElo "2588"]
[BlackElo "2424"]
[TimeControl "180+1"]
[EndTime "9:56:30 PDT"]
[Termination "Statham_01 won on time"]

1. Na3 Na6 2. e4 g6 3. d4 Bg7 4. c3 d6 5. h4 c5 6. Bxa6 bxa6 7. dxc5 dxc5 8. Qxd8+ Kxd8 9. Be3 Bb7 10. f3 Rc8 11. O-O-O+ Ke8 12. Ne2 Bh6 13. Nf4 Nf6 14. g4 e5 15. Nd5 Bxe3+ 16. Nxe3 Ke7 17. g5 Nd7 18. Nac4 h6 19. gxh6 Rxh6 20. h5 Rch8 21. Nd6 Bc6 22. Nec4 Rxh5 23. Rxh5 Rxh5 24. Na5 Bb5 25. c4 Ba4 26. b3 Rh3 27. Rd3 Nb6 28. bxa4 Nxa4 29. Nc8+ Kf6 30. Nb3 Rh1+ 31. Kc2 Rh2+ 32. Rd2 Rh3 33.
Rf2 Ke6 34. Nxa7 Kd7 35. f4 exf4 36. Rxf4 Rh7 37. Rf6 Ke7 38. Rxa6 Rh2+ 39. Kc1 Nc3 40. Nxc5 Nxa2+ 41. Kd1 Nb4 42. Nc8+ Kf8 43. Rb6 Na2 44.
Rb8 Kg7 45. Rb7 Kf6 46. Nd7+ Kg5 47. Ne5 Nc3+ 48. Kc1 Ne2+ 49. Kb2 Ng3+ 50. Ka3 Rh3 51. Nxf7+ Kh5 52. Kb4 Nxe4 53. Nfd6 Nd2 54. Rh7+ Kg4 55.
Rxh3 Kxh3 56. c5 g5 57. c6 g4 58. Nf5 Nf3 59. Ncd6 1-0

[Event "Early-Titled-Tuesday-Blitz-March-19-2024"]
[Site "Chess.com"]
[Date "2024.03.19"]
[Round "10"]
[White "ExchangeAB"]
[Black "Laico"]
[Result "1/2-1/2"]
[WhiteElo "2517"]
[BlackElo "2412"]
[TimeControl "180+1"]
[EndTime "9:56:30 PDT"]
[Termination "Game drawn by stalemate"]

1. e4 e6 2. d4 d5 3. e5 c5 4. c3 Nc6 5. Nf3 Bd7 6. a3 Nge7 7.
b4 cxd4 8. cxd4 Qb6 9. Bb2 Rc8 10.
Nc3 Na5 11. Na4 Qc6 12. Nc5 Nc4 13. Bxc4 dxc4 14. a4 Nd5 15. b5 Qc7 16. Ba3 Qa5+ 17. Kf1 Qc3 18. g3 b6 19. Nxd7 Bxa3 20. Ng5 Kxd7 21. Ne4 Qd3+ 22. Qxd3 cxd3 23. Rxa3 Nb4 24. Kg2 Rc2 25. Rb3 Nd5 26. Rxd3 Rhc8 27. Ra1 Re2 28.
Nd6 Rcc2 29. Rf1 Ne3+ 30. Rxe3 Rxe3 31. Nxf7 Ra3 32. Ng5 h6 33. Nf3 Rcc3 34. Nd2 Rd3 35.
Nc4 Rxa4 36. Ne3 Rdxd4 37. Rc1 Ra2 38. h4 Rdd2 39. Nd1 Re2 40. Kh3 Re1 41. f4 Rd2 42. Ra1 Rexd1 43. Rxa7+ Ke8 44. Rxg7 Rh1+ 45. Kg4 Rd3 46.
Rg6 Rg1 47. Rxe6+ Kf7 48. Rxb6 Rgxg3+ 49. Kh5 Rd5 50. Rb7+ Ke6 51. Rb6+ Kf5 52. Rf6+ Ke4 53. Kxh6 Rxb5 54. h5 Rg8 55. e6 Re8 56. Kg6 Rb7 57. f5 Ke5 58. Rf7 Rg8+ 59. Kh6 Rgb8 60. Kg6 Kf4 61.
h6 Ke5 62. Kh7 Rxf7+ 63. exf7 Kf6 64. f8=Q+ Rxf8 1/2-1/2

[Event "Early-Titled-Tuesday-Blitz-March-19-2024"]
[Site "Chess.com"]
[Date "2024.03.19"]
[Round "10"]
[White "zurzan"]
[Black "Louis-Paulsen-Fan"]
[Result "1-0"]
[WhiteElo "2062"]
[BlackElo "2258"]
[TimeControl "180+1"]
[EndTime "9:56:30 PDT"]
[Termination "zurzan won by resignation"]

1. c4 e6 2. g3 d5 3. Bg2 c5 4.
Nf3 Nc6 5. b3 d4 6. O-O Nf6 7. d3 Bd6 8. Bg5 h6 9. Bxf6 Qxf6 10.
Nbd2 Qe7 11. Ne4 Bc7 12. e3 O-O 13. exd4 cxd4 14. a3 a5 15. Qc2 e5 16. c5 f5 17.
Ned2 Be6 18. Nc4 Bd5 19. Rfe1 Qf6 20. Rad1 e4 21. dxe4 fxe4 22. Rxe4 Bxe4 23. Qxe4 Rae8 24. Qd3 Re7 25. Rf1 Rfe8 26. Qd2 Re2 27. Qd3 R2e7 28.
Qd2 Qf5 29. Nh4 Qxc5 30. Qd3 Ne5 31. Nxe5 Bxe5 32. Ng6 Rd7 33. f4 Bf6 34. f5 Re3 35. Qc4+ Qxc4 36. bxc4 d3 37. Bd5+ Rf7 38. Rd1 Bc3 39.
Kf2 Re2+ 40. Kf1 Rxh2 41. Rxd3 Bb2 42. Ne7+ Kf8 43. Bxf7 Kxf7 44. Nc8 Bxa3 45. Nb6 Bc5 46. Nd5 b6 47. Rf3 Ra2 48. Rb3 Ra1+ 49. Ke2 Ra2+ 50. Kf3 Rf2+ 51. Ke4 Re2+ 52. Kf3 Rf2+ 53. Ke4 Rc2 54.
Nxb6 Bxb6 55. Rxb6 Rxc4+ 56. Kd5 Rc3 57. Rb7+ Kf6 58.
Ra7 Rxg3 59. Rxa5 Kxf5 60. Kd4+ Kf6 61. Ke4 Rg4+ 62. Kf3 Rd4 63. Ra6+ Kf7 64. Ra5 Rd6 65. Ra6 g5 66. Rxd6 Kg7 67. Kg4 1-0

[Event "Early-Titled-Tuesday-Blitz-March-19-2024"]
[Site "Chess.com"]
[Date "2024.03.19"]
[Round "10"]
[White "CSB7"]
[Black "tetrix83"]
[Result "1-0"]
[WhiteElo "2767"]
[BlackElo "2604"]
[TimeControl "180+1"]
[EndTime "9:56:32 PDT"]
[Termination "CSB7 won by resignation"]

1. e4 c5 2. Nf3 d6 3. d4 cxd4 4.
Nxd4 Nf6 5. Nc3 a6 6. Bg5 Nbd7 7. f4 h6 8. Bxf6 Nxf6 9. e5 dxe5 10. fxe5 Nd5 11. e6 Nxc3 12. exf7+ Kxf7 13. Bc4+ e6 14. Qf3+ Qf6 15. Qxc3 Qh4+ 16. g3 Qe4+ 17. Kd2 Be7 18. Rae1 Qg2+ 19. Kc1 Bg5+ 20. Kb1 Re8 21. Rhf1+ Kg8 22.
Qf3 Qxf3 23. Nxf3 Bf6 24. Ne5 b5 25. Bb3 Ra7 26. c3 Rc7 27. Nd3 Kh7 28. Nf4 e5 29.
Bc2+ Kg8 30. Nd5 Rc6 31. Bb3 Kh7 32. Bc2+ Kg8 33. Bb3 Kh8 34. Bc2 Bh3 35. Rf2 Rd6 36. Be4 Bd7 37. Kc2 Bc6 38. Nb4 Bxe4+ 39. Rxe4 a5 40. Nd3 Kg8 41. Rfe2 Rd5 42. Nf2 Red8 43. Ng4 Rd1 44. Nxe5 Rh1 45. Nf3 Rdd1 46. a4 bxa4 47. Rxa4 Rdf1 48. Nd4 Rc1+ 49. Kb3 Rce1 50. Rxe1 Rxe1 51. Rxa5 Rh1 52. h4 Rg1 53. Nf5 Kf7 54.
h5 Ke6 55. Rb5 Be5 56. Ne3 Rxg3 57. Nc4 Bf6 58. Kc2 Bg5 59. b4 Rh3 60. Rb7 Rh2+ 61. Kd3 Kf6 62. Nd6 Rh3+ 63. Kc4 Rxh5 64. Ne4+ Kf5 65. Ng3+ Kg4 66. Nxh5 Kxh5 67. Rxg7 1-0

[Event "Early-Titled-Tuesday-Blitz-March-19-2024"]
[Site "Chess.com"]
[Date "2024.03.19"]
[Round "10"]
[White "DrCeltic"]
[Black "Alexchess1984"]
[Result "0-1"]
[WhiteElo "2586"]
[BlackElo "2756"]
[TimeControl "180+1"]
[EndTime "9:56:35 PDT"]
[Termination "Alexchess1984 won by resignation"]

1. e4 c5 2. Nf3 Nc6 3. d4 cxd4 4. Nxd4 g6 5. Nc3 Bg7 6. Be3 d6 7. h3 Nf6 8. Bc4 O-O 9. Bb3 a5 10. a4 Bd7 11. O-O Rc8 12. Re1 Ne5 13. Bg5 h6 14.
Bh4 Nc4 15. Bxc4 Rxc4 16. Qd3 Rc8 17. Rad1 g5 18. Bg3 Nh5 19. e5 Nxg3 20. exd6 e5 21.
Qxg3 exd4 22. Nd5 Rc5 23. Re5 Bxe5 24. Qxe5 Rxd5 25. Qxd5 Bxa4 26. Rxd4 Qd7 27. h4 Bc6 28. Qxa5 Qe6 29. hxg5 h5 30. Qd2 Rd8 31. c4 Qe5 32. b4 b5 33. c5 Ra8 34. Qd1 Qxg5 35. g3 Qe5 36. d7 Rd8 37. Kh2 Qf5 38. Qe2 Rxd7 39.
Rd6 Rxd6 40. cxd6 Qd5 41. f3 Qxd6 42. Qe3 Qd5 43. Kg2 Qa2+ 44. Kh1 Qb1+ 45. Kh2 Qxb4 46.
Qg5+ Kf8 47. Qd8+ Be8 48. Qg5 Qb2+ 49. Kg1 Qg7 50. Qc5+ Kg8 51. Qxh5 Qxg3+ 52. Kf1 Qg7 53. Qc5 Qa1+ 54. Kg2 Qb2+ 55. Kf1 b4 56. Qc8 Qe5 57. Qb7 Qc5 58. Qb8 Qb5+ 59. Kg2 Qxb8 0-1